Canucks vs Oilers

Created - October 10 2009 at 12:15

Simulating a Pre-Season

Goals
1 2 3 T
Canucks 5 1 0 6
Oilers 0 1 0 1
Shots
1 2 3 T
Canucks 14 13 4 31
Oilers 6 9 2 17

Period #1

1. Canucks , Ryan Kesler 2 (Vincent Lecavalier, Corey Perry) at 3:50 (PP)
2. Canucks , Kyle Okposo 1 (Ryan Kesler) at 4:48
3. Canucks , Corey Perry 2 (Joe Thornton) at 7:14
4. Canucks , Ryan Kesler 3 (Alex Tanguay, Duncan Keith) at 16:10
5. Canucks , Ian White 1 (Andrei Kostitsyn, Jay McClement) at 16:28

Penalties :
Dan Hamhuis (EDM) for High sticking (Minor) at 1:59, Fedor Tyutin (VAN) for High sticking (Minor) at 4:58, Dan Hamhuis (EDM) for High sticking (Minor) at 14:03, Andrew Ference (VAN) for Hooking (Minor) at 16:37, David Backes (VAN) for Slashing (Minor) at 19:39

Period #2

6. Canucks , Rob Blake 2 (Alexander Frolov, Joe Thornton) at 7:18
7. Oilers , Matt Niskanen 3 (Milan Hejduk, Michal Handzus) at 10:27

Penalties :
Andrew Ference (VAN) for Holding Stick (Minor) at 0:22, David Backes (VAN) for Slashing (Minor) at 3:20, Bryce Salvador (EDM) for Tripping (Minor) at 15:03

Period #3

No Goal

Penalties :
Jeff Schultz (EDM) for High sticking (Minor) at 1:32, Scott Hannan (EDM) for High sticking (Minor) at 4:42, Bryce Salvador (EDM) for Tripping (Minor) at 12:10, David Backes (VAN) for High sticking (Minor) at 13:50, Bryce Salvador (EDM) for Fighting (Major) at 14:13, Ryan Kesler (VAN) for Fighting (Major) at 14:13, Fernando Pisani (EDM) for Hooking (Minor) at 16:05, Andrew Ference (VAN) for Goalie Interference (Minor) at 18:22

Goalie Stats

Cam Ward (VAN), 16 saves from 17 shots - (0.941), W, 3-2-0, 60:00 minutes
Dan Ellis (EDM), 16 saves from 18 shots - (0.889), 43:50 minutes
Kari Lehtonen (EDM), 9 saves from 13 shots - (0.692), L, 3-3-1, 16:10 minutes

Players Stats

Canucks
Player Name              G  A  P  +/- PIM S  H  SB FO    MP 
------------------------------------------------------------
Ales Hemsky              0  0  0   0  0   2  0  0  0/0   10 
Alex Tanguay             0  1  1   1  0   2  2  0  1/1   16 
Alexander Edler          0  0  0   0  0   1  1  1  0/0   18 
Alexander Frolov         0  1  1   2  0   2  0  0  0/1   17 
Andrei Kostitsyn         0  1  1   1  0   0  0  0  0/0   6  
Andrew Ference           0  0  0   2  6   0  1  1  0/0   16 
Corey Perry              1  1  2   2  0   3  1  0  0/0   17 
David Backes             0  0  0   0  6   0  3  0  0/1   16 
Duncan Keith             0  1  1   2  0   0  0  1  0/0   22 
Fedor Tyutin             0  0  0   1  2   1  1  1  0/0   22 
Ian White                1  0  1   1  0   1  0  0  0/2   11 
Jay McClement            0  1  1   1  0   1  0  0  6/12  11 
Joe Thornton             0  2  2   2  0   3  0  0  12/23 18 
Kyle Okposo              1  0  1   1  0   3  1  0  0/0   13 
Rob Blake                1  0  1   2  0   3  0  0  0/0   21 
Ron Hainsey              0  0  0   1  0   1  1  0  0/0   20 
Ryan Kesler              2  1  3   1  5   2  0  0  15/25 13 
Vincent Lecavalier       0  1  1   0  0   6  0  0  14/23 19 
Oilers
Player Name              G  A  P  +/- PIM S  H  SB FO    MP 
------------------------------------------------------------
Bryce Salvador           0  0  0  -2  9   1  2  0  0/0   18 
Cory Stillman            0  0  0  -1  0   2  2  0  0/0   14 
Dan Cleary               0  0  0  -1  0   3  2  0  1/4   16 
Dan Hamhuis              0  0  0  -1  4   0  2  2  0/0   22 
Fernando Pisani          0  0  0   0  2   0  0  0  0/0   3  
Jeff Schultz             0  0  0  -1  2   0  2  0  0/0   19 
Mats Sundin              0  0  0   0  0   2  0  0  6/15  18 
Matt Niskanen            1  0  1  -2  0   1  0  0  0/0   18 
Michal Handzus           0  1  1  -2  0   1  2  0  15/26 17 
Milan Hejduk             0  1  1  -3  0   3  0  0  0/3   19 
Niclas Havelid           0  0  0  -1  0   0  0  0  0/0   22 
Patrice Bergeron         0  0  0  -1  0   1  1  0  1/3   19 
Radek Dvorak             0  0  0  -1  0   1  0  1  2/2   18 
Rod BrindAmour           0  0  0  -1  0   0  0  1  11/24 15 
Scott Hannan             0  0  0  -1  2   0  1  1  0/0   19 
Scott Nichol             0  0  0   0  0   0  0  0  4/11  12 
Steve Downie             0  0  0   0  0   0  0  0  0/0   0  
Steve Sullivan           0  0  0  -2  0   2  2  0  0/0   17 

3 Stars

1 - Corey Perry (VAN)
2 - Ryan Kesler (VAN)
3 - Joe Thornton (VAN)

Power Play

Canucks - 1 on 7 Attempt(s) - 14.29%
Oilers - 0 on 7 Attempt(s) - 0.00%

Penalty Kill

Canucks - 7 on 7 Attempt(s) - 100.00% - Score 0 goal in Penalty Kill
Oilers - 6 on 7 Attempt(s) - 85.71% - Score 0 goal in Penalty Kill

Game Notes

Dan Ellis enters game at 16:10 of 1st period
Bryce Salvador and Ryan Kesler fight to a draw at 14:13 of 3rd period

Play by Play

Period #1

0:01 of 1st period - Rod BrindAmour wins face-off versus Joe Thornton in neutral zone.
0:04 of 1st period - Shot by Dan Cleary.
0:04 of 1st period - Stopped by Cam Ward without a rebound.
0:05 of 1st period - Vincent Lecavalier wins face-off versus Michal Handzus in Canucks zone.
0:28 of 1st period - Shot by Bryce Salvador.
0:28 of 1st period - Stopped by Cam Ward without a rebound.
0:29 of 1st period - Dan Cleary wins face-off versus Joe Thornton in Canucks zone.
0:34 of 1st period - Shot by Rod BrindAmour.
0:34 of 1st period - Shot Hit the Post.
0:37 of 1st period - Icing by Alexander Frolov.
0:38 of 1st period - Joe Thornton wins face-off versus Mats Sundin in Canucks zone.
1:47 of 1st period - Shot by Vincent Lecavalier.
1:47 of 1st period - Stopped by Kari Lehtonen with a rebound.
1:59 of 1st period - Minor Penalty to Dan Hamhuis for High sticking.
2:00 of 1st period - Joe Thornton wins face-off versus Patrice Bergeron in Oilers zone.
2:03 of 1st period - Shot by Alexander Frolov.
2:03 of 1st period - Stopped by Kari Lehtonen with a rebound.
2:05 of 1st period - Shot by Joe Thornton.
2:05 of 1st period - Deflect By Alexander Frolov.
2:05 of 1st period - Shot Misses the Net.
2:07 of 1st period - Shot by Alexander Frolov.
2:07 of 1st period - Shot Misses the Net.
2:09 of 1st period - Shot by Joe Thornton.
2:09 of 1st period - Deflect By Alex Tanguay.
2:09 of 1st period - Shot Misses the Net.
2:11 of 1st period - Shot by Ron Hainsey.
2:11 of 1st period - Shot Blocked by Scott Hannan.
2:14 of 1st period - Alexander Frolov is hit by Bryce Salvador and loses puck.
2:58 of 1st period - Milan Hejduk is hit by David Backes and loses puck.
3:34 of 1st period - Off-side.
3:35 of 1st period - Vincent Lecavalier wins face-off versus Michal Handzus in neutral zone.
3:48 of 1st period - Shot by Corey Perry.
3:48 of 1st period - Deflect By Vincent Lecavalier.
3:48 of 1st period - Shot Misses the Net.
3:50 of 1st period - Shot by Ryan Kesler.
3:50 of 1st period - Goal by Ryan Kesler - Canucks : 1 - Oilers : 0.
3:51 of 1st period - Rod BrindAmour wins face-off versus Ian White in neutral zone.
4:38 of 1st period - Shot by Alex Tanguay.
4:38 of 1st period - Shot Misses the Net.
4:42 of 1st period - Shot by Kyle Okposo.
4:42 of 1st period - Stopped by Kari Lehtonen without a rebound.
4:43 of 1st period - Ryan Kesler wins face-off versus Michal Handzus in Oilers zone.
4:48 of 1st period - Shot by Kyle Okposo.
4:48 of 1st period - Goal by Kyle Okposo - Canucks : 2 - Oilers : 0.
4:49 of 1st period - Ryan Kesler wins face-off versus Mats Sundin in neutral zone.
4:51 of 1st period - Off-side.
4:52 of 1st period - Michal Handzus wins face-off versus David Backes in neutral zone.
4:58 of 1st period - Minor Penalty to Fedor Tyutin for High sticking.
4:59 of 1st period - Ryan Kesler wins face-off versus Rod BrindAmour in Canucks zone.
5:27 of 1st period - Shot by Rod BrindAmour.
5:27 of 1st period - Shot Misses the Net.
5:47 of 1st period - Shot by Cory Stillman.
5:47 of 1st period - Shot Blocked by Alexander Edler.
5:51 of 1st period - Shot by Mats Sundin.
5:51 of 1st period - Stopped by Cam Ward with a rebound.
5:53 of 1st period - Shot by Dan Hamhuis.
5:53 of 1st period - Shot Misses the Net.
6:24 of 1st period - Icing by Steve Sullivan.
6:25 of 1st period - Jay McClement wins face-off versus Rod BrindAmour in Oilers zone.
6:25 of 1st period - Jay McClement is hit by Bryce Salvador.
6:37 of 1st period - Shot by Matt Niskanen.
6:37 of 1st period - Shot Misses the Net.
6:39 of 1st period - Shot by Bryce Salvador.
6:39 of 1st period - Shot Misses the Net.
6:55 of 1st period - Shot by Milan Hejduk.
6:55 of 1st period - Shot Misses the Net.
6:57 of 1st period - Shot by Dan Hamhuis.
6:57 of 1st period - Shot Misses the Net.
7:12 of 1st period - Shot by Vincent Lecavalier.
7:12 of 1st period - Stopped by Kari Lehtonen without a rebound.
7:13 of 1st period - Joe Thornton wins face-off versus Milan Hejduk in Oilers zone.
7:14 of 1st period - Shot by Corey Perry.
7:14 of 1st period - Goal by Corey Perry - Canucks : 3 - Oilers : 0.
7:15 of 1st period - Scott Nichol wins face-off versus Vincent Lecavalier in neutral zone.
7:53 of 1st period - Jeff Schultz is hit by David Backes.
8:05 of 1st period - Shot by Radek Dvorak.
8:05 of 1st period - Stopped by Cam Ward with a rebound.
8:25 of 1st period - Shot by Corey Perry.
8:25 of 1st period - Shot Misses the Net.
8:27 of 1st period - Shot by Joe Thornton.
8:27 of 1st period - Stopped by Kari Lehtonen with a rebound.
8:29 of 1st period - Shot by Duncan Keith.
8:29 of 1st period - Shot Misses the Net.
8:31 of 1st period - Shot by Duncan Keith.
8:31 of 1st period - Shot Misses the Net.
9:20 of 1st period - Shot by Kyle Okposo.
9:20 of 1st period - Stopped by Kari Lehtonen without a rebound.
9:21 of 1st period - Rod BrindAmour wins face-off versus Jay McClement in Oilers zone.
9:28 of 1st period - Icing by Ian White.
9:29 of 1st period - Jay McClement wins face-off versus Scott Nichol in Canucks zone.
9:29 of 1st period - Jay McClement is hit by Dan Cleary.
10:23 of 1st period - Shot by Michal Handzus.
10:23 of 1st period - Shot Misses the Net.
10:25 of 1st period - Shot by Milan Hejduk.
10:25 of 1st period - Stopped by Cam Ward without a rebound.
10:26 of 1st period - Joe Thornton wins face-off versus Mats Sundin in Canucks zone.
11:29 of 1st period - Shot by Milan Hejduk.
11:29 of 1st period - Deflect By Steve Sullivan.
11:29 of 1st period - Shot Misses the Net.
11:37 of 1st period - Shot by Steve Sullivan.
11:37 of 1st period - Stopped by Cam Ward without a rebound.
11:38 of 1st period - Rod BrindAmour wins face-off versus Ryan Kesler in Canucks zone.
12:08 of 1st period - Icing by Andrew Ference.
12:09 of 1st period - Michal Handzus wins face-off versus Ryan Kesler in Canucks zone.
12:15 of 1st period - Icing by Kyle Okposo.
12:16 of 1st period - Ryan Kesler wins face-off versus Milan Hejduk in Canucks zone.
12:46 of 1st period - Shot by Vincent Lecavalier.
12:46 of 1st period - Stopped by Kari Lehtonen with a rebound.
12:48 of 1st period - Shot by Alexander Edler.
12:48 of 1st period - Shot Misses the Net.
12:50 of 1st period - Shot by Vincent Lecavalier.
12:50 of 1st period - Deflect By Ales Hemsky.
12:50 of 1st period - Stopped by Kari Lehtonen without a rebound.
12:51 of 1st period - Mats Sundin wins face-off versus Jay McClement in Oilers zone.
12:53 of 1st period - Icing by Radek Dvorak.
12:54 of 1st period - Mats Sundin wins face-off versus Jay McClement in Oilers zone.
13:13 of 1st period - Shot by Mats Sundin.
13:13 of 1st period - Shot Blocked by Duncan Keith.
13:48 of 1st period - Icing by Ron Hainsey.
13:49 of 1st period - Ryan Kesler wins face-off versus Rod BrindAmour in Canucks zone.
14:03 of 1st period - Minor Penalty to Dan Hamhuis for High sticking.
14:04 of 1st period - Vincent Lecavalier wins face-off versus Scott Nichol in Oilers zone.
14:17 of 1st period - Shot by Vincent Lecavalier.
14:17 of 1st period - Stopped by Kari Lehtonen without a rebound.
14:18 of 1st period - Patrice Bergeron wins face-off versus Joe Thornton in Oilers zone.
14:37 of 1st period - Scott Hannan is hit by Alex Tanguay and loses puck.
14:53 of 1st period - Icing by Alex Tanguay.
14:54 of 1st period - Joe Thornton wins face-off versus Scott Nichol in Canucks zone.
15:42 of 1st period - Icing by Vincent Lecavalier.
15:43 of 1st period - Vincent Lecavalier wins face-off versus Michal Handzus in Canucks zone.
16:06 of 1st period - Shot by Alex Tanguay.
16:06 of 1st period - Shot Misses the Net.
16:10 of 1st period - Shot by Ryan Kesler.
16:10 of 1st period - Goal by Ryan Kesler - Canucks : 4 - Oilers : 0.
16:10 of 1st period - Dan Ellis enters game.
16:11 of 1st period - Jay McClement wins face-off versus Michal Handzus in neutral zone.
16:11 of 1st period - Andrei Kostitsyn is hit by Michal Handzus and loses puck.
16:28 of 1st period - Shot by Ian White.
16:28 of 1st period - Goal by Ian White - Canucks : 5 - Oilers : 0.
16:29 of 1st period - Rod BrindAmour wins face-off versus Ryan Kesler in neutral zone.
16:37 of 1st period - Minor Penalty to Andrew Ference for Hooking.
16:38 of 1st period - Jay McClement wins face-off versus Milan Hejduk in Canucks zone.
16:38 of 1st period - Jay McClement is hit by Cory Stillman.
17:11 of 1st period - Icing by Niclas Havelid.
17:12 of 1st period - Mats Sundin wins face-off versus Ryan Kesler in Oilers zone.
17:39 of 1st period - Shot by Matt Niskanen.
17:39 of 1st period - Shot Misses the Net.
19:39 of 1st period - Minor Penalty to David Backes for Slashing.
19:40 of 1st period - Ryan Kesler wins face-off versus Rod BrindAmour in Canucks zone.
19:46 of 1st period - Icing by Rod BrindAmour.
19:47 of 1st period - Rod BrindAmour wins face-off versus Jay McClement in Oilers zone.
19:52 of 1st period - Fedor Tyutin is hit by Dan Cleary and loses puck.

Period #2

0:01 of 2nd period - Ryan Kesler wins face-off versus Dan Cleary in neutral zone.
0:22 of 2nd period - Minor Penalty to Andrew Ference for Holding Stick.
0:23 of 2nd period - Vincent Lecavalier wins face-off versus Mats Sundin in Canucks zone.
0:54 of 2nd period - Shot by Milan Hejduk.
0:54 of 2nd period - Stopped by Cam Ward with a rebound.
1:17 of 2nd period - Shot by Dan Cleary.
1:17 of 2nd period - Shot Misses the Net.
1:21 of 2nd period - Shot by Rod BrindAmour.
1:21 of 2nd period - Shot Misses the Net.
2:20 of 2nd period - Shot by Cory Stillman.
2:20 of 2nd period - Stopped by Cam Ward without a rebound.
2:21 of 2nd period - Ryan Kesler wins face-off versus Rod BrindAmour in Canucks zone.
3:20 of 2nd period - Minor Penalty to David Backes for Slashing.
3:21 of 2nd period - Vincent Lecavalier wins face-off versus Rod BrindAmour in Canucks zone.
4:20 of 2nd period - Shot by Mats Sundin.
4:20 of 2nd period - Stopped by Cam Ward with a rebound.
5:00 of 2nd period - Shot by Steve Sullivan.
5:00 of 2nd period - Stopped by Cam Ward without a rebound.
5:01 of 2nd period - Ryan Kesler wins face-off versus Mats Sundin in Canucks zone.
6:05 of 2nd period - Icing by Scott Nichol.
6:06 of 2nd period - Joe Thornton wins face-off versus Scott Nichol in Oilers zone.
6:13 of 2nd period - Shot by Joe Thornton.
6:13 of 2nd period - Stopped by Dan Ellis without a rebound.
6:14 of 2nd period - Ryan Kesler wins face-off versus Rod BrindAmour in Oilers zone.
6:21 of 2nd period - Shot by Alex Tanguay.
6:21 of 2nd period - Shot Misses the Net.
6:23 of 2nd period - Shot by Alex Tanguay.
6:23 of 2nd period - Shot Misses the Net.
6:25 of 2nd period - Shot by Kyle Okposo.
6:25 of 2nd period - Shot Blocked by Dan Hamhuis.
6:39 of 2nd period - Shot by Alex Tanguay.
6:39 of 2nd period - Stopped by Dan Ellis without a rebound.
6:40 of 2nd period - Michal Handzus wins face-off versus Joe Thornton in Oilers zone.
6:53 of 2nd period - Duncan Keith is hit by Steve Sullivan and loses puck.
7:16 of 2nd period - Shot by Alexander Frolov.
7:16 of 2nd period - Stopped by Dan Ellis with a rebound.
7:18 of 2nd period - Shot by Rob Blake.
7:18 of 2nd period - Goal by Rob Blake - Canucks : 6 - Oilers : 0.
7:19 of 2nd period - Vincent Lecavalier wins face-off versus Mats Sundin in neutral zone.
7:48 of 2nd period - Shot by Patrice Bergeron.
7:48 of 2nd period - Stopped by Cam Ward without a rebound.
7:49 of 2nd period - Scott Nichol wins face-off versus Ryan Kesler in Canucks zone.
8:16 of 2nd period - Shot by Ron Hainsey.
8:16 of 2nd period - Stopped by Dan Ellis without a rebound.
8:17 of 2nd period - Michal Handzus wins face-off versus Joe Thornton in Oilers zone.
8:53 of 2nd period - Icing by Rob Blake.
8:54 of 2nd period - Joe Thornton wins face-off versus Mats Sundin in Canucks zone.
9:42 of 2nd period - Icing by Fedor Tyutin.
9:43 of 2nd period - Vincent Lecavalier wins face-off versus Rod BrindAmour in Canucks zone.
9:43 of 2nd period - Vincent Lecavalier is hit by Cory Stillman.
9:50 of 2nd period - Ales Hemsky is hit by Dan Hamhuis and loses puck.
10:13 of 2nd period - Shot by Dan Hamhuis.
10:13 of 2nd period - Shot Blocked by Fedor Tyutin.
10:15 of 2nd period - Shot by Rod BrindAmour.
10:15 of 2nd period - Shot Misses the Net.
10:19 of 2nd period - Shot by Cory Stillman.
10:19 of 2nd period - Stopped by Cam Ward without a rebound.
10:20 of 2nd period - Michal Handzus wins face-off versus Ryan Kesler in Canucks zone.
10:25 of 2nd period - Shot by Milan Hejduk.
10:25 of 2nd period - Shot Misses the Net.
10:27 of 2nd period - Shot by Matt Niskanen.
10:27 of 2nd period - Goal by Matt Niskanen - Canucks : 6 - Oilers : 1.
10:28 of 2nd period - Ryan Kesler wins face-off versus Michal Handzus in neutral zone.
10:53 of 2nd period - Shot by Alex Tanguay.
10:53 of 2nd period - Stopped by Dan Ellis without a rebound.
10:54 of 2nd period - Mats Sundin wins face-off versus Joe Thornton in Oilers zone.
11:01 of 2nd period - Corey Perry is hit by Jeff Schultz.
11:03 of 2nd period - Shot by Joe Thornton.
11:03 of 2nd period - Stopped by Dan Ellis with a rebound.
11:33 of 2nd period - Shot by Corey Perry.
11:33 of 2nd period - Stopped by Dan Ellis with a rebound.
11:47 of 2nd period - Shot by Alexander Edler.
11:47 of 2nd period - Deflect By Ales Hemsky.
11:47 of 2nd period - Shot Misses the Net.
11:49 of 2nd period - Shot by Fedor Tyutin.
11:49 of 2nd period - Stopped by Dan Ellis without a rebound.
11:50 of 2nd period - Ryan Kesler wins face-off versus Rod BrindAmour in Oilers zone.
12:50 of 2nd period - Fedor Tyutin is hit by Michal Handzus and loses puck.
12:56 of 2nd period - Icing by Alexander Edler.
12:57 of 2nd period - Vincent Lecavalier wins face-off versus Michal Handzus in Canucks zone.
13:04 of 2nd period - Shot by Vincent Lecavalier.
13:04 of 2nd period - Stopped by Dan Ellis without a rebound.
13:05 of 2nd period - Mats Sundin wins face-off versus Joe Thornton in Oilers zone.
13:31 of 2nd period - Corey Perry is hit by Scott Hannan and loses puck.
14:06 of 2nd period - Shot by Vincent Lecavalier.
14:06 of 2nd period - Stopped by Dan Ellis without a rebound.
14:07 of 2nd period - Rod BrindAmour wins face-off versus Ryan Kesler in Oilers zone.
14:24 of 2nd period - Off-side.
14:25 of 2nd period - Michal Handzus wins face-off versus Vincent Lecavalier in neutral zone.
14:29 of 2nd period - Icing by Alexander Edler.
14:30 of 2nd period - Michal Handzus wins face-off versus Vincent Lecavalier in Canucks zone.
14:35 of 2nd period - Shot by Milan Hejduk.
14:35 of 2nd period - Stopped by Cam Ward with a rebound.
15:03 of 2nd period - Minor Penalty to Bryce Salvador for Tripping.
15:04 of 2nd period - Radek Dvorak wins face-off versus Joe Thornton in Oilers zone.
15:12 of 2nd period - Icing by Alexander Frolov.
15:13 of 2nd period - Joe Thornton wins face-off versus Scott Nichol in Canucks zone.
15:20 of 2nd period - Dan Hamhuis is hit by Alex Tanguay and loses puck.
16:25 of 2nd period - Shot by Corey Perry.
16:25 of 2nd period - Shot Blocked by Radek Dvorak.
16:27 of 2nd period - Shot by Rob Blake.
16:27 of 2nd period - Stopped by Dan Ellis with a rebound.
16:59 of 2nd period - Shot by Michal Handzus.
16:59 of 2nd period - Shot Misses the Net.
17:13 of 2nd period - Shot by Ian White.
17:13 of 2nd period - Shot Blocked by Rod BrindAmour.
17:15 of 2nd period - Shot by Ian White.
17:15 of 2nd period - Shot Misses the Net.
17:19 of 2nd period - Shot by Jay McClement.
17:19 of 2nd period - Stopped by Dan Ellis without a rebound.
17:20 of 2nd period - Michal Handzus wins face-off versus Ryan Kesler in Oilers zone.
17:55 of 2nd period - Icing by Steve Sullivan.
17:56 of 2nd period - Michal Handzus wins face-off versus Jay McClement in Oilers zone.
18:21 of 2nd period - Icing by Bryce Salvador.
18:22 of 2nd period - Michal Handzus wins face-off versus Vincent Lecavalier in Oilers zone.
19:50 of 2nd period - Shot by Dan Cleary.
19:50 of 2nd period - Stopped by Cam Ward without a rebound.
19:51 of 2nd period - Scott Nichol wins face-off versus Joe Thornton in Canucks zone.

Period #3

0:01 of 3rd period - Joe Thornton wins face-off versus Dan Cleary in neutral zone.
0:17 of 3rd period - Alexander Frolov is hit by Dan Hamhuis and loses puck.
0:55 of 3rd period - Icing by Alexander Frolov.
0:56 of 3rd period - Joe Thornton wins face-off versus Mats Sundin in Canucks zone.
0:56 of 3rd period - Joe Thornton is hit by Patrice Bergeron.
1:12 of 3rd period - Shot by Mats Sundin.
1:12 of 3rd period - Shot Misses the Net.
1:31 of 3rd period - Vincent Lecavalier is hit by Jeff Schultz.
1:32 of 3rd period - Minor Penalty to Jeff Schultz for High sticking.
1:33 of 3rd period - Michal Handzus wins face-off versus Joe Thornton in Oilers zone.
2:00 of 3rd period - Shot by Alexander Edler.
2:00 of 3rd period - Stopped by Dan Ellis with a rebound.
2:07 of 3rd period - Icing by Ron Hainsey.
2:08 of 3rd period - Joe Thornton wins face-off versus Scott Nichol in Canucks zone.
3:09 of 3rd period - Shot by Duncan Keith.
3:09 of 3rd period - Deflect By David Backes.
3:09 of 3rd period - Shot Misses the Net.
3:11 of 3rd period - Shot by Duncan Keith.
3:11 of 3rd period - Shot Misses the Net.
3:13 of 3rd period - Shot by Corey Perry.
3:13 of 3rd period - Stopped by Dan Ellis without a rebound.
3:14 of 3rd period - Scott Nichol wins face-off versus Vincent Lecavalier in Oilers zone.
3:49 of 3rd period - Ian White is hit by Steve Sullivan and loses puck.
3:55 of 3rd period - Michal Handzus is hit by Andrew Ference and loses puck.
4:16 of 3rd period - Shot by Cory Stillman.
4:16 of 3rd period - Deflect By Dan Cleary.
4:16 of 3rd period - Shot Blocked by Andrew Ference.
4:21 of 3rd period - Icing by Fedor Tyutin.
4:22 of 3rd period - Mats Sundin wins face-off versus Jay McClement in Canucks zone.
4:42 of 3rd period - Minor Penalty to Scott Hannan for High sticking.
4:43 of 3rd period - Vincent Lecavalier wins face-off versus Scott Nichol in Oilers zone.
5:56 of 3rd period - Icing by Alexander Frolov.
5:57 of 3rd period - Michal Handzus wins face-off versus Alexander Frolov in Canucks zone.
6:49 of 3rd period - Icing by Niclas Havelid.
6:50 of 3rd period - Jay McClement wins face-off versus Rod BrindAmour in Oilers zone.
7:19 of 3rd period - Icing by Niclas Havelid.
7:20 of 3rd period - Ryan Kesler wins face-off versus Rod BrindAmour in Oilers zone.
7:50 of 3rd period - Shot by Alex Tanguay.
7:50 of 3rd period - Shot Misses the Net.
8:32 of 3rd period - Icing by Ales Hemsky.
8:33 of 3rd period - Vincent Lecavalier wins face-off versus Mats Sundin in Canucks zone.
9:33 of 3rd period - Icing by Matt Niskanen.
9:34 of 3rd period - Jay McClement wins face-off versus Michal Handzus in Oilers zone.
9:41 of 3rd period - Icing by Bryce Salvador.
9:42 of 3rd period - Alex Tanguay wins face-off versus Michal Handzus in Oilers zone.
9:50 of 3rd period - Bryce Salvador is hit by Kyle Okposo and loses puck.
10:31 of 3rd period - Niclas Havelid is hit by Corey Perry and loses puck.
10:44 of 3rd period - Shot by Corey Perry.
10:44 of 3rd period - Shot Misses the Net.
10:48 of 3rd period - Shot by Joe Thornton.
10:48 of 3rd period - Shot Misses the Net.
11:09 of 3rd period - Icing by Fedor Tyutin.
11:10 of 3rd period - Radek Dvorak wins face-off versus Vincent Lecavalier in Canucks zone.
11:10 of 3rd period - Mats Sundin is hit by Fedor Tyutin and loses puck.
11:30 of 3rd period - Patrice Bergeron is hit by Alexander Edler and loses puck.
11:37 of 3rd period - Jeff Schultz is hit by David Backes and loses puck.
11:44 of 3rd period - Shot by Ales Hemsky.
11:44 of 3rd period - Stopped by Dan Ellis without a rebound.
11:45 of 3rd period - Michal Handzus wins face-off versus Ryan Kesler in Oilers zone.
11:50 of 3rd period - Shot by Milan Hejduk.
11:50 of 3rd period - Shot Misses the Net.
11:52 of 3rd period - Shot by Michal Handzus.
11:52 of 3rd period - Stopped by Cam Ward without a rebound.
11:53 of 3rd period - Ryan Kesler wins face-off versus Michal Handzus in Canucks zone.
12:10 of 3rd period - Minor Penalty to Bryce Salvador for Tripping.
12:11 of 3rd period - Michal Handzus wins face-off versus Vincent Lecavalier in Oilers zone.
13:50 of 3rd period - Minor Penalty to David Backes for High sticking.
13:51 of 3rd period - Rod BrindAmour wins face-off versus Ryan Kesler in Canucks zone.
13:58 of 3rd period - Shot by Dan Cleary.
13:58 of 3rd period - Stopped by Cam Ward without a rebound.
13:59 of 3rd period - Ryan Kesler wins face-off versus Michal Handzus in Canucks zone.
14:13 of 3rd period - Bryce Salvador and Ryan Kesler fight to a draw.
14:13 of 3rd period - Penalty to Bryce Salvador for Fighting.
14:13 of 3rd period - Penalty to Ryan Kesler for Fighting.
14:14 of 3rd period - Rod BrindAmour wins face-off versus Ian White in Oilers zone.
14:21 of 3rd period - Off-side.
14:22 of 3rd period - Vincent Lecavalier wins face-off versus Rod BrindAmour in neutral zone.
14:28 of 3rd period - Icing by Dan Cleary.
14:29 of 3rd period - Rod BrindAmour wins face-off versus Vincent Lecavalier in Oilers zone.
15:05 of 3rd period - Icing by Steve Sullivan.
15:06 of 3rd period - Vincent Lecavalier wins face-off versus Dan Cleary in Oilers zone.
16:05 of 3rd period - Minor Penalty to Fernando Pisani for Hooking.
16:06 of 3rd period - Michal Handzus wins face-off versus Vincent Lecavalier in Oilers zone.
17:18 of 3rd period - Shot by Alexander Frolov.
17:18 of 3rd period - Shot Misses the Net.
17:42 of 3rd period - Shot by Corey Perry.
17:42 of 3rd period - Shot Blocked by Dan Hamhuis.
17:44 of 3rd period - Shot by Rob Blake.
17:44 of 3rd period - Stopped by Dan Ellis with a rebound.
18:22 of 3rd period - Minor Penalty to Andrew Ference for Goalie Interference.
18:23 of 3rd period - Joe Thornton wins face-off versus Rod BrindAmour in Canucks zone.
18:25 of 3rd period - Icing by Fedor Tyutin.
18:26 of 3rd period - Rod BrindAmour wins face-off versus Joe Thornton in Canucks zone.
18:26 of 3rd period - Rod BrindAmour is hit by Ron Hainsey.
18:36 of 3rd period - Shot by Rod BrindAmour.
18:36 of 3rd period - Deflect By Milan Hejduk.
18:36 of 3rd period - Shot Misses the Net.
19:10 of 3rd period - Off-side.
19:11 of 3rd period - Vincent Lecavalier wins face-off versus Patrice Bergeron in neutral zone.


Output by the SimonT Hockey Simulator (STHS) for Stephane Roy -- Original Page W3C XHTML 1.0 Valid